 Dungeon Crawl Stone Soup version 0.20.1-1-g8b1a95d (webtiles) character file.

613 Zedayar the Ruffian (level 7, -2/66 HPs)
             Began as a Troll Fighter on Sept 4, 2017.
             Slain by an orc
             ... wielding a +0 flail
              (9 damage)
             ... on level 4 of the Dungeon.
             The game lasted 00:12:54 (3109 turns).

Zedayar the Ruffian (Troll Fighter)                 Turns: 3109, Time: 00:12:55

Health: -2/66      AC:  5    Str: 27    XL:     7   Next: 20%
Magic:  6/6        EV:  6    Int:  4    God:
Gold:   229        SH: 15    Dex:  9    Spells: 6/6 levels left

rFire    . . .     SeeInvis .     - Unarmed
rCold    . . .     Gourm    +   o - +0 large shield
rNeg     . . .     Faith    .   k - +0 robe (curse)
rPois    .         Spirit   .   (helmet restricted)
rElec    .         Reflect  .   (no cloak)
rCorr    +         Harm     .   (gloves unavailable)
MR       .....                  (boots unavailable)
Stlth    +.........             p - amulet of rage
Regen    0.7/turn               f - ring of resist corrosion
MPRegen  0.1/turn               j - ring of wizardry

@: no status effects
A: unfitting armour, claws 3, fast metabolism 3, gourmand, regeneration 1,
shaggy fur 1, tough skin 2
a: Evoke Berserk Rage


You were on level 4 of the Dungeon.
You were very full.

You visited 1 branch of the dungeon, and saw 4 of its levels.

You collected 229 gold pieces.

Inventory:

Armour
 a - a +0 robe
 b - a +0 shield
 k - a cursed +0 robe (worn)
 o - a +0 large shield (worn)
Jewellery
 f - a ring of resist corrosion (left claw)
 j - a ring of wizardry (right claw)
 p - an amulet of rage (around neck)
 y - an uncursed ring of positive energy {unknown}
Scrolls
 g - 3 scrolls of enchant armour {unknown}
 h - a scroll of fog {unknown}
 m - 2 scrolls of remove curse {unknown}
 n - a scroll of teleportation {unknown}
 r - 2 scrolls of identify {unknown}
 s - a scroll of enchant weapon {unknown}
 v - 2 scrolls of fear {unknown}
 z - a scroll of recharging {unknown}
 A - a scroll of amnesia {unknown}
 B - a scroll of noise {unknown}
Potions
 c - 3 potions of might
 e - 3 potions of haste {unknown}
 i - 4 potions of cancellation {unknown}
 l - a potion of resistance {unknown}
 t - 2 potions of flight {unknown}
 u - a potion of degeneration {unknown}
 w - 2 potions of brilliance {unknown}
Comestibles
 d - 3 bread rations
 x - 2 fruits


   Skills:
 + Level 2.7 Fighting
 - Level 2.4 Dodging
 + Level 0.8 Stealth
 + Level 4.0 Shields
 * Level 6.5 Unarmed Combat


You had 6 spell levels left.
You didn't know any spells.

Dungeon Overview and Level Annotations

Branches:
Dungeon (4/15)
 Temple: D:4-7

Altars:
Dithmenos
Kikubaaqudgha


Innate Abilities, Weirdness & Mutations

You are too large for most types of armour.
You have claws for hands.
Your metabolism is lightning-fast.
You like to eat raw meat.
Your natural rate of healing is unusually fast.
You are covered in fur. (AC +1)
You have very tough skin. (AC +2)


Message History

The orc priest is severely wounded.
You block the orc's attack. x2
The orc priest invokes the aid of Beogh against you.
Beogh smites you!
* * * LOW HITPOINT WARNING * * *
The orc barely misses you. The orc hits you with a flail.
* * * LOW HITPOINT WARNING * * *
You claw the orc priest!
You kill the orc priest!
You block the orc's attack. x3; The orc barely misses you.
You claw the orc!
You kill the orc!
You block the orc's attack.
You scratch the orc.
The orc is severely wounded.
You block the orc's attack. x2; The orc hits you but does no damage.
You mangle the orc!!
You kill the orc!
The orc hits you but does no damage. The orc hits you with a flail!
You die...

#### # #... #. #... #.
#...
#####.################'#
........................
#####..o).############.#
......)@)......# #.#
.......)o).....+ ...
###.####.......# #.# #.
#.$..>..# #.# #
#(..[[... #.# #........
#.. #........ #........


You could see 2 orcs.

Vanquished Creatures
  A black bear (D:3)
  A phantom (D:4)
  A crimson imp (D:4)
  4 hounds (D:4)
  3 orc wizards (D:4)
  An orc priest (D:4)
  Jessica (D:2)
  An iguana (D:4)
  3 adders
  3 oozes (D:2)
  An adder skeleton (D:4)
  3 worms
  A dart slug (D:2)
  4 orcs (D:4)
  5 bats
  4 giant cockroaches
  10 goblins
  6 hobgoblins
  6 kobolds
  A quokka (D:4)
  A ball python (D:2)
  8 frilled lizards
  11 rats
80 creatures vanquished.

Notes
Turn   | Place    | Note
-------+----------+-------------------------------------------
     0 | D:1      | Zedayar the Troll Fighter began the quest for the Orb.
     0 | D:1      | Reached XP level 1. HP: 22/22 MP: 0/0
   323 | D:1      | Reached XP level 2. HP: 29/29 MP: 1/1
  1183 | D:2      | Found an ancient bone altar of Kikubaaqudgha.
  1328 | D:2      | Reached XP level 3. HP: 36/36 MP: 2/2
  1386 | D:2      | Noticed Jessica
  1402 | D:2      | Killed Jessica
  1402 | D:2      | Reached skill level 3 in Unarmed Combat
  1548 | D:2      | Reached XP level 4. HP: 40/44 MP: 3/3
  2299 | D:3      | Noticed a black bear
  2305 | D:3      | Killed a black bear
  2305 | D:3      | Reached skill level 4 in Unarmed Combat
  2305 | D:3      | Reached XP level 5. HP: 35/50 MP: 4/4
  2328 | D:3      | Found a shadowy altar of Dithmenos.
  2662 | D:4      | Reached skill level 5 in Unarmed Combat
  2674 | D:4      | Noticed a phantom
  2679 | D:4      | Reached XP level 6. HP: 59/59 MP: 5/5
  2700 | D:4      | Reached skill level 6 in Unarmed Combat
  3093 | D:4      | Reached XP level 7. HP: 60/66 MP: 6/6
  3109 | D:4      | Slain by an orc

Skill      XL: |  1  2  3  4  5  6  7 |
---------------+----------------------+-----
Shields        | 3 4 |  4.0
Unarmed Combat | 3 4 5 6 |  6.5
Fighting       | |  2.7
Dodging        | |  2.4
Stealth        | |  0.8

Action                   |  1- 3 |  4- 6 |  7- 9 || total
-------------------------+-------+-------+-------++-------
Melee: Unarmed           |   111 |   130 |    15 ||   256
  Eat: Chunk             |    14 |    14 |       ||    28
       Bread ration      |     1 |       |       ||     1
Armor: Robe              |    36 |    21 |    12 ||    69
Dodge: Dodged            |    27 |    22 |     7 ||    56
Block: Shield            |    56 |    13 |       ||    69
       Large shield      |       |    65 |    29 ||    94
